 Dungeon Crawl Stone Soup version 0.16-a0-1885-g0f03bb0 (webtiles) character file.

1080 timbw the Cleaver (level 8, -4/58 HPs)
             Began as a Vine Stalker Berserker on Nov 6, 2014.
             Was a Believer of Trog.
             Slain by a wolf (6 damage)
             ... led by Grum
             ... on level 8 of the Dungeon.
             The game lasted 00:04:49 (983 turns).

timbw the Cleaver (Vine Stalker Berserker)           Turns: 983, Time: 00:04:49

Health: -4/58      AC:  6    Str: 27    XL:     8   Next: 29%
Magic:  0/11       EV:  9    Int: 10    God:    Trog [**....]
Gold:   139        SH:  0    Dex: 14    Spells: 0 memorised, 7 levels left

rFire  + . .     SeeInvis +     s - +5 hand axe of Kageyr {freeze, rN+ Int+3 SInv Stlth++}
rCold  . . .     Clarity  .     r - +0 scale mail
rNeg   + . .     SustAb   .     (no shield)
rPois  .         Gourm    .     (no helmet)
rElec  .         Spirit   +     (no cloak)
rCorr  .         Warding  .     (no gloves)
rMut   .         Stasis   .     (no boots)
MR     ++...                    (no amulet)
Stlth  ..........               p - ring of protection from fire
                                o - ring of protection from magic

@: berserking, very quick, very resistant to hostile enchantments, extremely
unstealthy
A: fangs 3, regeneration 2, magic shield, antimagic bite, no device heal 3, rot
immunity
a: Burn Spellbooks, Berserk, Trog's Hand, Renounce Religion


You were on level 8 of the Dungeon.
You worshipped Trog.
Trog was pleased with you.
You were hungry.

You visited 1 branch of the dungeon, and saw 8 of its levels.

You collected 139 gold pieces.

Inventory:

Hand weapons
 a - a +0 hand axe
 s - the +5 hand axe of Kageyr (weapon) {freeze, rN+ Int+3 SInv Stlth++}
   (You found it on level 5 of the Dungeon)

   It has been specially enchanted to freeze those struck by it, causing extra
   injury to most foes and up to double damage against particularly susceptible
   opponents.
   It can also slow down cold-blooded creatures.
   It affects your intelligence (+3).
   It protects you from negative energy.
   It enhances your eyesight.
   It makes you much more stealthy.
Armour
 b - a +0 animal skin
 l - a +0 ring mail
 r - a +0 scale mail (worn)
 x - a +0 chain mail
Jewellery
 o - a ring of protection from magic (left hand)
 p - a ring of protection from fire (right hand)
Magical devices
 k - a wand of frost (28)
Scrolls
 d - 3 scrolls of teleportation {unknown}
 e - 2 scrolls of amnesia {unknown}
 h - a scroll of remove curse {unknown}
 j - 2 scrolls of recharging {unknown}
 n - 2 scrolls of identify {unknown}
 t - a scroll of immolation {unknown}
 w - a scroll of enchant armour {unknown}
Potions
 f - a potion of degeneration {unknown}
 g - a potion of agility {unknown}
 i - a potion of poison {unknown}
 m - a potion of heal wounds {unknown}
 q - 2 potions of flight {unknown}
 u - 2 potions of brilliance {unknown}
Comestibles
 c - 2 bread rations
 v - 2 meat rations
 z - 2 chunks of flesh


   Skills:
 - Level 2.6 Fighting
 + Level 9.1 Axes
 - Level 1.5 Armour
 - Level 1.5 Dodging


You had 7 spell levels left.
You didn't know any spells.

Dungeon Overview and Level Annotations

Branches:
Dungeon (8/15)
 Temple: D:4-7         Lair: D:8-11

Altars:
Fedhas


Innate Abilities, Weirdness & Mutations

You have razor-sharp teeth.
You heal very quickly.
When hurt, damage is shared between your health and your magic reserves.
Your bite disrupts and absorbs the magic of your enemies.
Potions and wands cannot restore your health.
You are immune to rotting.


Message History

You feel invigorated.
Grum is almost dead.
You hit the wolf. You freeze the wolf.
The wolf is lightly wounded.
The wolf bites you!
* * * LOW HITPOINT WARNING * * *
You slash Grum! You freeze Grum.
You kill Grum!
Trog accepts your kill.
Your Axes skill increases to level 9!
You hit the wolf. You freeze the wolf.
The wolf is moderately wounded.
The wolf barely misses you.
You slash the wolf! You freeze the wolf. Your bite misses the wolf.
The wolf is almost dead.
The wolf barely misses you.
You miss the wolf. Your bite misses the wolf.
The wolf is almost dead.
The wolf bites you!
You die...

....# #. ....# ...
#...## #...# #...##
....# #...##....###
#<..........
#####...........
..###...h...[........
#......)@....).......
............[).......
...............[....
...................
...................
..................
................
..............
.....=......


You could see a wolf.

Vanquished Creatures
  A hippogriff (D:7)
  Grum (D:8)
  A wolf (D:7)
  An ogre (D:6)
  2 phantoms
  An orc warrior (D:8)
  A giant frog (D:6)
  A crimson imp (D:8)
  A hound (D:7)
  An orc wizard (D:8)
  3 worker ants
  An iguana (D:4)
  An ogre skeleton (D:7)
  A worker ant zombie (D:7)
  4 adders
  A giant gecko (D:5)
  7 orcs
  2 hobgoblins
  11 jackals
  2 kobolds
  A ball python (D:1)
  4 bats
  A gnoll skeleton (D:4)
  3 goblins
  A goblin skeleton (D:4)
  2 rats
56 creatures vanquished.

Notes
Turn   | Place    | Note
--------------------------------------------------------------
     0 | D:1      | timbw, the Vine Stalker Berserker, began the quest for the Orb.
     0 | D:1      | Reached XP level 1. HP: 11/11 MP: 1/1
    19 | D:1      | Reached skill level 3 in Axes
   100 | D:2      | Found a blossoming altar of Fedhas.
   225 | D:3      | Reached XP level 2. HP: 16/16 MP: 0/3
   227 | D:3      | Noticed an orc wizard
   229 | D:3      | Noticed an orc priest
   325 | D:4      | Reached XP level 3. HP: 19/19 MP: 4/4
   328 | D:4      | Reached skill level 4 in Axes
   328 | D:4      | Reached XP level 4. HP: 23/23 MP: 5/5
   336 | D:4      | Acquired Trog's second power
   509 | D:4      | Noticed a phantom
   540 | D:4      | Killed a phantom
   540 | D:4      | Reached skill level 5 in Axes
   540 | D:4      | Reached XP level 5. HP: 25/27 MP: 5/7
   553 | D:5      | Entered Level 5 of the Dungeon
   600 | D:5      | Got a crude hand axe
   601 | D:5      | Identified the +5 hand axe of Kageyr {freeze, rN+ Int+3 SInv Stlth++} (You found it on level 5 of the Dungeon)
   616 | D:6      | Noticed an ogre
   623 | D:6      | Reached skill level 6 in Axes
   623 | D:6      | Gained mutation: You heal very quickly. [vine stalker growth]
   623 | D:6      | Reached XP level 6. HP: 32/32 MP: 8/8
   625 | D:6      | Killed an ogre
   783 | D:7      | Reached skill level 7 in Axes
   783 | D:7      | Reached XP level 7. HP: 28/35 MP: 9/9
   800 | D:7      | Noticed a hippogriff
   807 | D:7      | Killed a hippogriff
   936 | D:8      | Reached skill level 8 in Axes
   948 | D:8      | Noticed Grum
   954 | D:7      | Gained mutation: You have razor-sharp teeth. [vine stalker growth]
   954 | D:7      | Reached XP level 8. HP: 15/39 MP: 8/11
   980 | D:8      | HP: 1/58 [wolf[Grum] (4)]
   981 | D:8      | Killed Grum
   981 | D:8      | Reached skill level 9 in Axes
   983 | D:8      | Slain by a wolf

Action                   |  1- 3 |  4- 6 |  7- 9 || total
-------------------------+-------+-------+-------++-------
Melee: Hand axe          |    28 |    70 |    29 ||   127
Invok: Berserk           |     1 |     2 |     3 ||     6
       Trog's Hand       |       |     1 |     1 ||     2
 Stab: Sleeping          |       |       |     1 ||     1
  Eat: Chunk             |       |     3 |     2 ||     5
